 Dungeon Crawl Stone Soup version 0.29.1-13-g9f3cf754e1 (webtiles) character file.

Game seed: 3228135766050975025

33 Gabide the Cudgeller (level 3, -1/30 HPs)
             Began as a Formicid Berserker on Jan 30, 2023.
             Was a Follower of Trog.
             Killed from afar by a white imp (4 damage)
             ... with a puff of frost
             ... summoned by Natasha
             ... on level 2 of the Dungeon.
             The game lasted 00:01:01 (945 turns).

Gabide the Cudgeller (Formicid Berserker)            Turns: 945, Time: 00:01:01

Health: -1/30      AC:  2    Str: 23    XL:     3   Next: 47%
Magic:  3/3        EV: 16    Int:  6    God:    Trog [*.....]
Gold:   69         SH:  0    Dex: 13    Spells: 2/2 levels left

rFire   . . .      SeeInvis +   a - +0 mace
rCold   . . .      Faith    .   (no shield)
rNeg    . . .      Spirit   .   b - +0 animal skin
rPois   .          Reflect  .   (helmet unavailable)
rElec   .          Harm     .   (no cloak)
rCorr   .          Rampage  .   (no gloves)
Will    .....                   (no boots)
Stlth   +.........              (no amulet)
HPRegen 0.10/turn               c - +4 ring of evasion
MPRegen 0.08/turn               (no ring)

@: no status effects
A: permanent stasis, dig shafts and tunnels, antennae 3, four strong arms
a: Dig, Shaft Self, Renounce Religion


You were on level 2 of the Dungeon.
You worshipped Trog.
Trog was aware of your devotion.
You visited 1 branch of the dungeon, and saw 2 of its levels.

You collected 69 gold pieces.

Inventory:

Hand Weapons
 a - a +0 mace (weapon)
Armour
 b - a +0 animal skin (worn)
Jewellery
 c - a +4 ring of evasion (left hand)
 i - a +6 ring of dexterity
Scrolls
 f - a scroll of identify {unknown}
Potions
 g - 2 potions of degeneration {unknown}
 h - a potion of heal wounds {unknown}
 j - a potion of ambrosia {unknown}
 k - a potion of might {unknown}


   Skills:
 + Level 3.7 Fighting
 * Level 3.7 Maces & Flails
 - Level 2.1 Armour
 + Level 2.2 Dodging


You had 2 spell levels left.
You didn't know any spells.
Your spell library was empty.

Dungeon Overview and Level Annotations

Branches:
Dungeon (2/15)

Altars:

Annotations:
D:2 Natasha


Innate Abilities, Weirdness & Mutations

You cannot be hasted, slowed, berserked, paralysed or teleported.
You can dig through walls and to a lower floor.
You have a pair of large antennae on your head. (SInv)
Your four strong arms can wield two-handed weapons with a shield.


Message History

The bat closely misses you. The white imp hits you. The white imp freezes you.
Natasha completely misses you. The white imp gestures at you.
The puff of frost hits you!
You completely miss the white imp.
The white imp is severely wounded.
The bat hits you. The bat misses you. Natasha claws you!
* * * LOW HITPOINT WARNING * * *
The white imp closely misses you. Natasha claws you but does no damage.
You are too injured to fight recklessly!
You are too injured to fight recklessly!
You are too injured to fight recklessly!
You are too injured to fight recklessly!
You are too injured to fight recklessly!
You are too injured to fight recklessly!
You are too injured to fight recklessly!
You are too injured to fight recklessly!
You are too injured to fight recklessly!
You are too injured to fight recklessly!
You are too injured to fight recklessly!
You are too injured to fight recklessly!
You are too injured to fight recklessly!
You are too injured to fight recklessly!
Unknown command.
As you read the scroll labelled JUOLEX DOHUEL, it crumbles to dust.
The creatures around you are filled with an inner flame!
It was a scroll of immolation.
The bat completely misses you.
The white imp shouts, "Fly, thou puny beef-witted death-token!"
The white imp hits you.
* * * LOW HITPOINT WARNING * * *
The white imp freezes you.
* * * LOW HITPOINT WARNING * * *
The bat closely misses you. Natasha misses you.
As you read the scroll labelled BYNUCE YSHROEM, it crumbles to dust.
It is a scroll of amnesia.
You feel forgetful for a moment. The bat misses you.
Something unseen opens the door.
The white imp gestures at you. The puff of frost hits you.
You die...

.........#' #..........
+.......... #######
#..........{ #.....#
#####.......>.. #.#####
## ....#........## #.#
.# ###...5h.......
#.##### .# .).....@#
#.#.... .# ##......#
#.#.### .# #......#
#.#.# ## #......# #.#.#
#......# #.#.# #......#
#.#.# #......#
########.#.#
#......###..........###
#...............#......


You could see Natasha (inner flame) and a white imp (summoned, inner flame).

Vanquished Creatures
  A worm (D:2)
  A dart slug (D:1)
  2 ball pythons (D:1)
  An endoplasm (D:2)
  2 goblins (D:1)
  5 hobgoblins (D:1)
  3 jackals (D:1)
  A quokka (D:1)
  4 frilled lizards (D:1)
  3 kobolds (D:1)
  3 rats (D:1)
26 creatures vanquished.

Notes
Turn   | Place    | Note
-------+----------+-------------------------------------------
     0 | D:1      | Gabide the Formicid Berserker began the quest for the Orb.
     0 | D:1      | Reached XP level 1. HP: 18/18 MP: 1/1
    40 | D:1      | Reached XP level 2. HP: 22/24 MP: 2/2
   362 | D:1      | Reached XP level 3. HP: 19/29 MP: 3/3
   936 | D:2      | Noticed Natasha
   945 | D:2      | Killed from afar by a white imp

Illustrated notes

Levels and vault maps discovered:
D:1:      minmay_arrival_diagonal_passages, layout_basic, serial_glass,
          glass_columns_c, glass_columns_b, glass_columns_c, glass_columns_a,
          glass_columns_a, glass_columns_b, minmay_stone_trees_medium
D:2:      layout_basic, serial_park_tiny_2, uniq_natasha,
          uniq_crazy_yiuf_cottage

Skill      XL: |  1  2 |
---------------+-------+-----
Dodging        | 2 |  2.2
Fighting       | |  3.7
Maces & Flails | |  3.7
Armour         | |  2.1

Action                   || total
-------------------------++-------
Melee: Mace              ||    80
Throw: Stone             ||     4
  Use: Scroll            ||     2
 Stab: Sleeping          ||     2
Armor: Animal skin       ||    13
Dodge: Dodged            ||    66
